 Dungeon Crawl Stone Soup version 0.28-a0-381-g937acc2988 (webtiles) character file.

Game seed: 6405498659268389796

56 jdzakarian the Poker (level 4, 0/35 HPs)
             Began as a Human Berserker on Sept 2, 2021.
             Was a Believer of Trog.
             Slain by an ufetubus (3 damage)
             ... on level 2 of the Dungeon.
             The game lasted 00:06:11 (1356 turns).

jdzakarian the Poker (Human Berserker)              Turns: 1356, Time: 00:06:11

Health: 0/35       AC:  5    Str: 17    XL:     4   Next: 15%
Magic:  4/4        EV: 11    Int:  8    God:    Trog [**....]
Gold:   44         SH:  0    Dex: 13    Spells: 3/3 levels left

rFire   . . .      SeeInvis .   a - +0 spear
rCold   . . .      Faith    .   (no shield)
rNeg    . . .      Spirit   .   d - +0 ring mail
rPois   .          Reflect  .   (no helmet)
rElec   .          Harm     .   (no cloak)
rCorr   .          Rampage  .   (no gloves)
Will    .....                   (no boots)
Stlth   +.........              (no amulet)
HPRegen 0.11/turn               (no ring)
MPRegen 0.09/turn               (no ring)

@: no status effects
A: no striking features
a: Renounce Religion, Berserk, Trog's Hand


You were on level 2 of the Dungeon.
You worshipped Trog.
Trog was pleased with you.
You visited 1 branch of the dungeon, and saw 2 of its levels.

You collected 44 gold pieces.

Inventory:

Hand Weapons
 a - a +0 spear (weapon)
Missiles
 c - 25 stones (quivered)
Armour
 d - a +0 ring mail (worn)


   Skills:
 + Level 3.2 Fighting
 + Level 4.0 Polearms
 + Level 2.1 Armour
 + Level 2.5 Dodging
 + Level 0.7 Stealth


You had 3 spell levels left.
You didn't know any spells.
Your spell library was empty.

Dungeon Overview and Level Annotations

Branches:
Dungeon (2/15)

Altars:

Annotations:
D:2 Robin


Message History

The goblin is severely wounded.
The hobgoblin no longer looks unusually strong.
The goblin misses you.
You closely miss the goblin.
The goblin is severely wounded.
The hobgoblin hits you but does no damage.
The goblin barely misses you.
You hit the goblin.
You kill the goblin!
Trog accepts your kill. The hobgoblin misses you.
You hit the hobgoblin.
The hobgoblin is heavily wounded.
You hit the hobgoblin.
You kill the hobgoblin!
Trog accepts your kill. The hobgoblin hits you.
* * * LOW HITPOINT WARNING * * *
You hit the hobgoblin.
The hobgoblin is heavily wounded.
Robin roars a battlecry!
The hobgoblin goes into a battle-frenzy!
The hobgoblin barely misses you.
You hit the hobgoblin.
You kill the hobgoblin!
Trog accepts your kill.
You hit the adder.
The adder is severely wounded.
The adder bites you but does no damage.
You hit the adder.
You kill the adder!
Trog accepts your kill. The ufetubus barely misses you. x2
Your Polearms skill increases to level 4!
You have reached level 4!
You feel clever.
You hit the ufetubus.
The ufetubus is lightly wounded.
The ufetubus misses you. The ufetubus hits you.
You die...

#.#+#####.###
####....#... ..
#...<...#.##.#
#.###........#
#.#...#.#####
#...........#
#.#####.#......
#....##)# .....
##.#...)g5@# ....
.......)######+###
##...#.#)......#
.......#g#....gg.
....##.#g#.######
... ###5#.# ..
.g... . S....
.##....


You could see Robin and an ufetubus.

Vanquished Creatures
  An adder (D:2)
  A dart slug (D:1)
  4 endoplasms (D:1)
  A giant cockroach (D:1)
  12 goblins
  4 hobgoblins
  3 jackals (D:1)
  4 kobolds (D:1)
  2 ball pythons (D:1)
  3 bats (D:1)
  2 frilled lizards (D:1)
  A rat (D:1)
38 creatures vanquished.

Notes
Turn   | Place    | Note
-------+----------+-------------------------------------------
     0 | D:1      | jdzakarian the Human Berserker began the quest for the Orb.
     0 | D:1      | Reached XP level 1. HP: 18/18 MP: 1/1
    40 | D:1      | Reached XP level 2. HP: 11/24 MP: 2/2
   510 | D:1      | Reached XP level 3. HP: 29/29 MP: 3/3
  1195 | D:1      | Reached ** piety under Trog
  1317 | D:2      | Noticed Robin
  1356 | D:2      | Reached skill level 4 in Polearms
  1356 | D:2      | Reached XP level 4. HP: 3/35 MP: 4/4
  1356 | D:2      | Slain by an ufetubus

Illustrated notes

Levels and vault maps discovered:
D:1:      ncdulo_wetmaze, layout_loops_ring
D:2:      layout_basic, uniq_robin

Skill      XL: |  1  2  3 |
---------------+----------+-----
Polearms       | 4 |  4.0
Fighting       | |  3.2
Armour         | |  2.1
Dodging        | |  2.5
Stealth        | |  0.7

Action                   |  1- 3 |  4- 6 || total
-------------------------+-------+-------++-------
Melee: Spear             |   128 |     1 ||   129
Invok: Berserk           |     1 |       ||     1
  Use: Scroll            |     1 |       ||     1
       Potion            |     1 |       ||     1
 Stab: Sleeping          |     2 |       ||     2
Armor: Animal skin       |    20 |       ||    20
       Ring mail         |    12 |       ||    12
Dodge: Dodged            |    84 |     1 ||    85

Table legend: (Time is in decaauts)
 A = Elapsed time spent in this place.
 B = Non-inter-level travel time spent in this place.
 C = Inter-level travel time spent in this place.
 D = Time resting spent in this place.
 E = Time spent auto-exploring this place.
 F = Levels seen in this place.
 G = Mean time per level.
                   A        B        C        D        E       F      G
               +--------+--------+--------+--------+--------+-----+--------+
         Total |   1363 |   1363 |      0 |    375 |    575 |   2 |  681.5 |
       Dungeon |   1363 |   1363 |      0 |    375 |    575 |   2 |  681.5 |
               +--------+--------+--------+--------+--------+-----+--------+

Top non-repeatable levels by time:
     D:1: 1310 daAuts
     D:2: 53 daAuts
